 Dungeon Crawl Stone Soup version 0.29.1-15-g9cfb28693d (webtiles) character file.

Game seed: 5829679599947093817

637 Temi the Chopper (level 7, -1/63 (68) HPs)
             Began as a Minotaur Berserker on Apr 6, 2023.
             Was a Priest of Trog.
             Slain by LustLizard's ghost (4 damage)
             ... on level 5 of the Dungeon.
             The game lasted 00:07:31 (4295 turns).

Temi the Chopper (Minotaur Berserker)               Turns: 4295, Time: 00:07:32

HP:   -1/63 (68)    AC:  7    Str: 24    XL:     7   Next: 25%
MP:   5/5           EV: 11    Int:  4    God:    Trog [***...]
Gold: 149           SH:  0    Dex:  9    Spells: 6/6 levels left

rFire   + . .      SeeInvis .   y - +0 war axe
rCold   x . .      Faith    .   (no shield)
rNeg    . . .      Spirit   .   x - +0 ring mail
rPois   .          Reflect  .   (helmet restricted)
rElec   .          Harm     .   (no cloak)
rCorr   +          Rampage  .   (no gloves)
Will    .....                   u - +0 pair of boots
Stlth   ..........              (no amulet)
HPRegen 0.20/turn               r - ring of resist corrosion
MPRegen 0.09/turn               q - ring of fire

@: drained
A: horns 2, retaliatory headbutt, claws 1, low MP 1, mutation resistance 1,
robust 1
a: Renounce Religion, Berserk, Trog's Hand


You were on level 5 of the Dungeon.
You worshipped Trog.
Trog was most pleased with you.
You visited 1 branch of the dungeon, and saw 5 of its levels.

You collected 149 gold pieces.

Inventory:

Hand Weapons
 a - a +0 hand axe
 y - a +0 war axe (weapon)
Armour
 b - a +1 animal skin
 u - a +0 pair of boots (worn)
 x - a +0 ring mail (worn)
Jewellery
 q - a ring of fire (right claw)
 r - a ring of resist corrosion (left claw)
Wands
 B - a wand of charming (2)
Scrolls
 h - 2 scrolls of immolation {unknown}
 i - 8 scrolls of teleportation
 m - a scroll of blinking {unknown}
 n - a scroll of enchant armour
 p - a scroll of summoning {unknown}
 t - a scroll of magic mapping {unknown}
 v - 2 scrolls of noise {unknown}
 w - a scroll of poison {unknown}
 A - a scroll of enchant weapon {unknown}
Potions
 c - a potion of flight
 d - 2 potions of heal wounds
 j - a potion of berserk rage


   Skills:
 + Level 5.9 Fighting
 * Level 7.6 Axes
 + Level 5.2 Armour
 - Level 2.1 Dodging


You had 6 spell levels left.
You didn't know any spells.
Your spell library was empty.

Dungeon Overview and Level Annotations

Branches:
Dungeon (5/15)             Temple (0/1) D:5

Altars:
Wu Jian

Shops:
D:5 [

Annotations:
D:5 LustLizard's ghost, novice MfGl; monoptic's ghost, amateur DENe; turnipcat1's ghost, novice DgAM; workbot's ghost, amateur MiBe


Innate Abilities, Weirdness & Mutations

You have a pair of horns on your head.
You reflexively headbutt those who attack you in melee.
You have sharp fingernails.
Your magical capacity is low. (-10% MP)
You are somewhat resistant to further mutation.
You are robust. (+10% HP)


Message History

You miss LustLizard's ghost.
LustLizard's ghost hits you but does no damage.
LustLizard's ghost hits you.
You barely miss LustLizard's ghost.
Your headbutt misses LustLizard's ghost.
LustLizard's ghost hits you!
You miss LustLizard's ghost.
You headbutt LustLizard's ghost, but do no damage.
LustLizard's ghost hits you. LustLizard's ghost barely misses you.
You furiously retaliate!
You headbutt LustLizard's ghost! You hit LustLizard's ghost.
LustLizard's ghost is lightly damaged.
You feel yourself speed up. LustLizard's ghost barely misses you.
LustLizard's ghost hits you.
* * * LOW HITPOINT WARNING * * *
You hit LustLizard's ghost but do no damage.
Your headbutt misses LustLizard's ghost.
LustLizard's ghost is lightly damaged.
Monoptic's ghost whispers, "Death doesn't hurt.
What you feel is life." LustLizard's ghost hits you.
* * * LOW HITPOINT WARNING * * *
You hit LustLizard's ghost.
LustLizard's ghost is moderately damaged.
LustLizard's ghost hits you.
* * * LOW HITPOINT WARNING * * *
LustLizard's ghost attacks as you move away!
LustLizard's ghost hits you.
* * * LOW HITPOINT WARNING * * *
LustLizard's ghost attacks as you move away!
LustLizard's ghost hits you.
* * * LOW HITPOINT WARNING * * *
You recover from your berserk rage.
Workbot's ghost says, "Do you think the gods will protect you?"
You see here 2 javelins.
LustLizard's ghost attacks as you move away!
LustLizard's ghost closely misses you. You furiously retaliate!
You headbutt LustLizard's ghost!
LustLizard's ghost attacks as you move away!
LustLizard's ghost hits you.
You die...

...########## #.#
#.# ............#
#.###.#
...########.#
#.....# ...##
#.#############
##(.⌠.. ....#
#.#...(# ##8.....
....#######.#.##.#
###)......
..........<...##.#
### #.#.......
.....##.########.#
#.# #.#8......
.........# #@# #.#
#.#(W.....
#..#.##..#
#W###.###.####'''#
#....##..#
#.W(.WW...##......
#........#
#####.............
##.#####.#
#....#####...#
##.# #.# ##.#.#
#...# ##.# #:#
##.[.#########
##.#####.#
#.......##....
......##.#
##...##.##.#..


You could see LustLizard's ghost and turnipcat1's ghost.

Vanquished Creatures
  A shadow (D:5)
  2 black bears (D:5)
  2 jellies (D:5)
  A hound (D:5)
  An orc priest (D:3)
  An orc wizard (D:3)
  3 gnolls (D:5)
  5 adders
  A white imp (D:5)
  An ufetubus (D:5)
  2 worms (D:2)
  4 dart slugs
  3 orcs
  12 bats
  3 endoplasms
  3 goblins
  3 hobgoblins
  6 jackals
  7 kobolds
  2 quokkas
  6 ball pythons
  5 frilled lizards
  5 rats
79 creatures vanquished.

Vanquished Creatures (others)
  2 withered plants (D:5)
2 creatures vanquished.

Grand Total: 81 creatures vanquished

Notes
Turn   | Place    | Note
-------+----------+-------------------------------------------
     0 | D:1      | Temi the Minotaur Berserker began the quest for the Orb.
     0 | D:1      | Reached XP level 1. HP: 19/19 MP: 0/0
    74 | D:1      | Reached skill level 4 in Axes
   153 | D:1      | Reached XP level 2. HP: 27/27 MP: 1/1
   355 | D:1      | Found a faded altar of an unknown god.
   753 | D:2      | Reached ** piety under Trog
   770 | D:2      | Reached XP level 3. HP: 33/33 MP: 2/2
  1397 | D:2      | Identified the +1 robe of Catatonia {Drain Will+ Str-4
                  | Int+6}
  1872 | D:3      | Reached XP level 4. HP: 33/41 MP: 3/3
  2018 | D:3      | Reached skill level 5 in Axes
  2825 | D:4      | Reached XP level 5. HP: 41/47 MP: 4/4
  2894 | D:4      | Found an ornate altar of the Wu Jian Council.
  3088 | D:5      | Entered Level 5 of the Dungeon
  3157 | D:5      | Found a staircase to the Ecumenical Temple.
  3160 | D:5      | Reached *** piety under Trog
  3190 | D:5      | Reached skill level 6 in Axes
  3278 | D:5      | Found a runed translucent gate.
  3279 | D:5      | Found a runed translucent gate.
  3280 | D:5      | Found a runed translucent gate.
  3280 | D:5      | Noticed turnipcat1's ghost (novice DgAM)
  3280 | D:5      | Noticed monoptic's ghost (amateur DENe)
  3282 | D:5      | Noticed workbot's ghost (amateur MiBe)
  3286 | D:5      | Noticed LustLizard's ghost (novice MfGl)
  3381 | D:5      | Reached skill level 5 in Fighting
  3417 | D:5      | Noticed a black bear
  3427 | D:5      | Killed a black bear
  3428 | D:5      | Reached XP level 6. HP: 56/56 MP: 5/5
  3513 | D:5      | Noticed a shadow
  3525 | D:5      | Killed a shadow
  3526 | D:5      | Reached skill level 7 in Axes
  3774 | D:5      | Reached skill level 5 in Armour
  3774 | D:5      | Reached XP level 7. HP: 61/62 MP: 6/6
  3798 | D:5      | Found Mihip's Armour Shoppe.
  4227 | D:5      | Gained mutation: You have sharp fingernails. [potion of
                  | mutation]
  4227 | D:5      | Gained mutation: You are robust. (+10% HP) [potion of
                  | mutation]
  4227 | D:5      | Gained mutation: Your magical capacity is low. (-10% MP)
                  | [potion of mutation]
  4227 | D:5      | Gained mutation: You are somewhat resistant to further
                  | mutation. [potion of mutation]
  4287 | D:5      | HP: 2/63 [LustLizard's ghost (5)]
  4295 | D:5      | Slain by LustLizard's ghost

Illustrated notes

Levels and vault maps discovered:
D:1:      minmay_arrival_open_corners, layout_rooms,
          hellmonk_ecumenical_altar_inner_sanctum
D:2:      layout_basic
D:3:      layout_loops_corners, nicolae_figureground_sparkle
D:4:      due_chaos_kobolds, layout_basic, nzn_wu_jian_council_hall,
          kennysheep_generic_room_16
D:5:      layout_basic, temple_hall, gammafunk_ghost_cemetery, serial_shops,
          shop, hangedman_abyss_or_decor_stabs

Skill      XL: |  1  2  3  4  5  6 |
---------------+-------------------+-----
Axes           | 4 5 6 7 |  7.6
Fighting       | 4 5 |  5.9
Armour         | 3 4 5 |  5.2
Dodging        | |  2.1

Action                   |  1- 3 |  4- 6 |  7- 9 || total
-------------------------+-------+-------+-------++-------
Melee: Hand axe          |    91 |    31 |       ||   122
       Headbutt          |    10 |     7 |     6 ||    23
       Punch             |     1 |       |       ||     1
       War axe           |       |    48 |    25 ||    73
Invok: Berserk           |       |     1 |     1 ||     2
       Trog's Hand       |       |       |     1 ||     1
  Use: Scroll            |       |     1 |     5 ||     6
       Potion            |       |       |     6 ||     6
Armor: Animal skin       |    24 |     8 |       ||    32
       Ring mail         |       |    29 |     7 ||    36
Dodge: Dodged            |    59 |    48 |     8 ||   115
